 Dungeon Crawl Stone Soup version 0.30.1-11-g7821555f0a (webtiles) character file.

Game seed: 7512070590613057653

4172 lonewolfV2 the Nimble (level 10, -3/85 HPs)
             Began as a Formicid Fighter on Nov 10, 2023.
             Blown up by an orb spider (38 damage)
             ... with an orb of destruction
             ... on level 2 of the Abyss.
             The game lasted 00:08:30 (8148 turns).

lonewolfV2 the Nimble (Formicid Fighter)            Turns: 8148, Time: 00:08:31

Health: -3/85      AC: 11    Str: 25    XL:     10   Next: 53%
Magic:  10/10      EV: 15    Int: 11    God:
Gold:   265        SH:  6    Dex: 17    Spells: 9/9 levels left

rFire   + . .        v - +11 flail "Hellblazer" {heavy, *Rage rF+ Int+3 Dex+4}
rCold   . . .        c - +1 buckler
rNeg    . . .        b - +0 scale mail
rPois   .            (helmet unavailable)
rElec   .            D - +1 cloak
rCorr   .            x - +0 pair of gloves
SInv    +            j - +0 pair of boots
Will    ++...        (no amulet) Stlth
                     l - ring of willpower
HPRegen 0.34/turn    w - +4 ring of slaying
MPRegen 0.12/turn

%: no passive effects
@: no status effects
A: permanent stasis, dig shafts and tunnels, antennae 3, four strong arms
a: Dig, Shaft Self


You were on level 2 of the Abyss.
You visited 1 branch of the dungeon, and saw 7 of its levels.
You visited the Abyss 1 time.

You collected 377 gold pieces.
You spent 112 gold pieces at shops.

Inventory:

Hand Weapons
 a - a +2 war axe
 v - the +11 flail "Hellblazer" (weapon) {heavy, *Rage rF+ Int+3 Dex+4}
   (You found it on level 6 of the Dungeon)

   Int:       It affects your intelligence (+3).
   Dex:       It affects your dexterity (+4).
   rF:        It protects you from fire.
   *Rage:     It berserks you when you make melee attacks (+20% chance).
Missiles
 A - a throwing net
Armour
 b - a +0 scale mail (worn)
 c - a +1 buckler (worn)
 j - a +0 pair of boots (worn)
 x - a +0 pair of gloves (worn)
 D - a +1 cloak (worn)
Jewellery
 l - a ring of willpower (left hand)
 u - the ring "Fimah" {Fire Dex+2}
   (You found it on level 4 of the Dungeon)

   [ring of fire]

   It enhances your fire magic.
   Dex:       It affects your dexterity (+2).
   rF:        It protects you from fire.
   rC:        It makes you vulnerable to cold.
 w - a +4 ring of slaying (right hand)
 y - a ring of magical power
Wands
 g - a wand of paralysis (13)
 s - a wand of roots (8)
 E - a wand of polymorph (6)
Scrolls
 h - 4 scrolls of immolation
 k - 2 scrolls of fog
 q - a scroll of fear
 C - a scroll of brand weapon {unknown}
Potions
 d - 2 potions of might
 e - 3 potions of invisibility
 f - 2 potions of flight {unknown}
 i - 4 potions of magic
 m - 2 potions of cancellation {unknown}
 n - 4 potions of degeneration
 o - a potion of curing
 p - 3 potions of mutation {unknown}
 r - a potion of haste {unknown}
 z - a potion of resistance {unknown}
 B - a potion of attraction {unknown}


   Skills:
 - Level 10.2 Fighting
 - Level 2.0 Axes
 - Level 3.2 Armour
 * Level 10.7 Dodging
 - Level 4.0 Shields


You had 9 spell levels left.
You didn't know any spells.
Your spell library contained the following spells:

 Spells                   Type           Power      Damage    Failure   Level
 Apportation              Tloc           0%         N/A       69%         1
 Kiss of Death            Conj/Necr      0%         2d5       69%         1
 Necrotise                Necr           0%         1d4       69%         1
 Summon Small Mammal      Summ           0%         N/A       69%         1
 Ensorcelled Hibernation  Hex/Ice        0%         N/A       83%         2
 Lesser Beckoning         Tloc           0%         N/A       83%         2
 Momentum Strike          Conj/Tloc      0%         3d8       83%         2
 Confusing Touch          Hex            0%         N/A       96%         3
 Inner Flame              Hex/Fire       0%         N/A       96%         3
 Spider Form              Tmut/Pois      0%         N/A       96%         3
 Anguish                  Hex/Necr       0%         N/A       100%        4
 Dispel Undead            Necr           0%         3d6       100%        4
 Yara's Violent Unravell  Hex/Tmut       0%         3d3       100%        5
 Enfeeble                 Hex            0%         N/A       100%        7
 Blink                    Tloc           Unusable   N/A       N/A         2

Dungeon Overview and Level Annotations

Branches:
Dungeon (7/15)             Temple (0/1) D:4

Altars:
Okawaru
Ru
Zin

Shops:
D:4 !   D:5 (

Portals:
Abyss: D:7

Annotations:
D:7 1 transporter


Innate Abilities, Weirdness & Mutations

You cannot be hasted, slowed, berserked, paralysed or teleported.
You can dig through walls and to a lower floor.
You have a pair of large antennae on your head. (SInv)
Your four strong arms can wield two-handed weapons with a shield.


Message History

A quasit is nearby!
A quasit is nearby!
The quasit gives a chilling moan.
The quasit bites you but does no damage.
The quasit barely misses you.
The quasit claws you but does no damage.
You sock the quasit!
The quasit is almost dead.
You block the quasit's attack. The quasit misses you.
You block the quasit's attack.
The quasit bites you but does no damage.
The quasit barely misses you. x3; The quasit closely misses you.
The quasit claws you but does no damage.
You miss the quasit.
The quasit is almost dead.
The quasit bites you but does no damage.
The quasit barely misses you. You block the quasit's attack.
The quasit closely misses you. The quasit barely misses you.
The quasit claws you but does no damage.
The quasit barely misses you. x2; You block the quasit's attack.
You miss the quasit.
The quasit is almost dead.
The quasit barely misses you.
The quasit claws you but does no damage.
The quasit claws you. The quasit barely misses you.
The quasit closely misses you. You block the quasit's attack.
You bludgeon the quasit!!
You kill the quasit!
You start resting.
An orb spider comes into view.
An orb spider is nearby!
An orb spider is nearby!
An orb spider is nearby!
The orb spider's many legs skitter faintly.
There is an empty arch of ancient stone here.
The orb spider begins to weave its threads into a brightly glowing ball.
The orb spider weaves a glowing orb of energy.
An orb of destruction comes into view.
The orb of destruction hits you!!!
You die...

# .. #. .. #.# #..
#. .. ....#.##.#∩
. ....#..###...#
.# ... . ∩....# ..
#....##...###....
..... #...#......
#..##...#......
##.∩#@..#.... .
#..#..#○...# ....
#..°*☼.###.# .
....#...#.........
... #..# .....#..#
# #.....##+..##.'
...#.### .... #
....## .... #.## .


There were no monsters in sight!

Vanquished Creatures
  The ghost of jagang the Fighter, a novice BaMo (D:7)
  Pikel (D:7)
  A toenail golem (D:7)
  Joseph (D:7)
  Eustachio (D:5)
  The ghost of pkoi the Conjurer, an amateur DrCj of Sif Muna (D:5)
  A water moccasin (D:7)
  An orc warrior (D:7)
  2 sky beasts (D:7)
  An ice beast (D:5)
  3 ogres
  2 centaurs
  A phantom (D:5)
  A kobold brigand (D:5)
  2 bullfrogs (D:7)
  A small abomination (D:7)
  3 scorpions
  4 killer bees (D:7)
  4 hounds
  An orc priest (D:7)
  A quasit (Abyss:2)
  Crazy Yiuf (D:6)
  A gnoll bouda (D:6)
  A sleepcap (D:7)
  2 iguanas
  6 orc wizards
  5 adders
  7 gnolls
  3 white imps (D:7)
  An ufetubus (D:5)
  4 dart slugs
  20 orcs
  6 ball pythons
  3 endoplasms
  A giant cockroach (D:1)
  5 goblins
  8 hobgoblins
  6 jackals
  15 kobolds
  5 quokkas
  8 bats
  A frilled lizard (D:1)
  4 rats
147 creatures vanquished.

Notes
Turn   | Place    | Note
-------+----------+-------------------------------------------
     0 | D:1      | lonewolfV2 the Formicid Fighter began the quest for the
                  | Orb.
     0 | D:1      | Reached XP level 1. HP: 18/18 MP: 1/1
   154 | D:1      | Reached XP level 2. HP: 25/25 MP: 2/2
   639 | D:1      | Reached XP level 3. HP: 26/31 MP: 3/3
   983 | D:2      | Found a faded altar of an unknown god.
  1162 | D:2      | Reached skill level 5 in Fighting
  1361 | D:2      | Identified the staff of fire "Liec" {Fragile Fly rF+ rC++
                  | Dex+8}
  1714 | D:3      | Reached XP level 4. HP: 38/39 MP: 4/4
  2538 | D:4      | Found Zatwe's Distillery.
  2546 | D:4      | Bought a potion of curing for 42 gold pieces
  2546 | D:4      | Bought a potion of heal wounds for 70 gold pieces
  2553 | D:4      | Identified the ring "Fimah" {Fire Dex+2}
  2602 | D:4      | Reached XP level 5. HP: 43/46 MP: 5/5
  2843 | D:4      | Found a staircase to the Ecumenical Temple.
  3145 | D:4      | Reached XP level 6. HP: 53/53 MP: 6/6
  3614 | D:5      | Entered Level 5 of the Dungeon
  3749 | D:5      | Reached XP level 7. HP: 62/62 MP: 7/7
  3770 | D:5      | Found Yclubiar's Weapon Shoppe.
  3886 | D:5      | Found a runed translucent door.
  3890 | D:5      | Noticed pkoi's ghost (amateur DrCj)
  4428 | D:5      | Reached XP level 8. HP: 44/71 MP: 8/8
  4804 | D:5      | Noticed Eustachio
  4821 | D:5      | Killed Eustachio
  4822 | D:5      | Reached skill level 10 in Fighting
  4939 | D:5      | Killed pkoi's ghost
  5946 | D:6      | Reached XP level 9. HP: 77/78 MP: 9/9
  5973 | D:6      | Identified the +11 flail "Hellblazer" {heavy, *Rage rF+
                  | Int+3 Dex+4}
  6041 | D:6      | Found a glowing silver altar of Zin.
  6047 | D:6      | Found an iron altar of Okawaru.
  6052 | D:6      | Found a sacrificial altar of Ru.
  6137 | D:6      | Reached skill level 5 in Dodging
  6163 | D:6      | Found a runed translucent door.
  6164 | D:6      | Noticed Crazy Yiuf
  6480 | D:6      | Killed Crazy Yiuf
  6772 | D:7      | Noticed Joseph
  6783 | D:7      | Killed Joseph
  6958 | D:7      | Found a transporter.
  6977 | D:7      | Noticed a toenail golem
  7006 | D:7      | Found a transporter.
  7564 | D:7      | Noticed Pikel
  7576 | D:7      | Killed Pikel
  7577 | D:7      | Reached XP level 10. HP: 21/85 MP: 10/10
  8087 | D:7      | Noticed jagang's ghost (novice BaMo)
  8087 | D:7      | Found a one-way gate to the infinite horrors of the Abyss.
  8099 | D:7      | Killed a toenail golem
  8100 | D:7      | Reached skill level 10 in Dodging
  8104 | D:7      | Killed jagang's ghost
  8109 | D:7      | HP: 4/85 [gnoll sergeant/+1 trident of distortion (13)]
  8110 | Abyss:2  | Cast into level 2 of the Abyss (gnoll sergeant)
  8140 | Abyss:2  | Noticed an orb spider
  8148 | Abyss:2  | Blown up by an orb spider

Illustrated notes

Levels and vault maps discovered:
D:1:      matt_arrival_grand_opening, layout_basic
D:2:      layout_basic, hellmonk_ecumenical_altar_blasted, minmay_pentomino_u2
D:3:      layout_basic, minmay_starry_boxes
D:4:      layout_loops_ring, minmay_temple_entry_mini_moons, serial_shops, shop
D:5:      cheibrodos_thug_alley, layout_loops_ring, serial_shops,
          nicolae_shop_bloodbath_and_beyond, ebering_ghost_reflecting_pool,
          uniq_eustachio
D:6:      layout_basic, minmay_overflow_temple_star_quad,
          wad_floor_pattern_untrapped, item_on_display_a,
          uniq_crazy_yiuf_cottage
D:7:      layout_basic, gammafunk_ghost_abyssal_escape, uniq_joseph, uniq_pikel
Abyss:2:  base:
D:1

Skill      XL: |  1  2  3  4  5  6  7  8  9 10 |
---------------+-------------------------------+-----
Fighting       | 4 5 6 8 9 10 | 10.2
Dodging        | 4 9 10 | 10.7
Axes           | |  2.0
Armour         | |  3.2
Shields        | |  4.0

Action                     |  1- 3 |  4- 6 |  7- 9 | 10-12 || total
---------------------------+-------+-------+-------+-------++-------
  Melee: War axe           |   102 |   101 |    99 |       ||   302
         Flail             |       |       |    55 |    26 ||    81
    Use: Scroll            |     6 |     3 |     3 |       ||    12
         Potion            |       |       |     3 |     5 ||     8
 Armour: Scale mail        |    63 |    58 |    78 |    21 ||   220
  Dodge: Dodged            |    57 |    53 |   104 |    47 ||   261
  Block: Buckler           |    44 |    37 |    74 |    20 ||   175
